[Event "Titled Tuesday Blitz February 15 Late 2022"]
[White "Stoleriu, George"]
[Black "Moreira, Ronaldo Alonso"]
[WhiteFideId "1227505"]
[BlackFideId "2110547"]
[WhiteElo "2203"]
[BlackElo "2037"]
[Result "1-0"]
[Round "01"]
[TimeControl "180+1"]
[Date "2022.02.16"]
[WhiteClock "0:01:07"]
[BlackClock "0:00:30"]

1. e4 e5 2. Nf3 Nc6 3. Bb5 a6 4. Ba4 Nf6 5. d3 Be7 6. Bxc6 dxc6 7. Nxe5 O-O 8. Nc3 Re8 9. O-O Bd6 10. Nf3 Bg4 11. h3 Bh5 12. Bg5 h6 13. Bh4 g5 14. Bg3 Bxg3 15. fxg3 Bg6 16. g4 Qe7 17. Kh1 Rad8 18. Qe1 Kg7 19. Qf2 Nd7 20. d4 Qb4 21. Rab1 Bxe4 22. Nxe4 Rxe4 23. Nxg5 hxg5 24. Qxf7+ Kh8 25. Qh5+ Kg8 26. Qxg5+ Kh7 27. Rf7+ 1-0


[Site "https://www.chess.com"]

[Event "Titled Tuesday Blitz February 15 Late 2022"]
[White "Suarez Uriel, Adrian"]
[Black "Mekhitarian, Krikor Sevag"]
[WhiteFideId "22230874"]
[BlackFideId "2107660"]
[WhiteElo "2316"]
[BlackElo "2598"]
[Result "0-1"]
[Round "01"]
[TimeControl "180+1"]
[Date "2022.02.15"]
[WhiteClock "0:00:03"]
[BlackClock "0:00:08"]

1. e4 c5 2. Ne2 g6 3. d4 cxd4 4. Nxd4 Nc6 5. c4 Nf6 6. Nc3 d6 7. Be2 Nxd4 8. Qxd4 Bg7 9. Be3 O-O 10. Qd2 a5 11. O-O a4 12. f3 Be6 13. Rac1 Qa5 14. Nd5 Qxd2 15. Bxd2 Nxd5 16. cxd5 Bd4+ 17. Kh1 Bd7 18. Rc7 Rfd8 19. a3 Bxb2 20. Bb4 b5 21. Rb1 Bd4 22. g3 Bb6 23. Rb7 Rab8 24. Rxb8 Rxb8 25. Kg2 Bc5 26. Bd3 Bxb4 27. Rxb4 e5 28. dxe6 fxe6 29. Kf2 Kf8 30. Ke3 Ke7 31. f4 e5 32. Bc2 Rc8 33. Kd2 Rc5 34. Bd3 exf4 35. gxf4 Rh5 36. Ke3 Rc5 37. Kd4 Bc6 38. h4 Rh5 39. Be2 Rxh4 40. Bxb5 Bxb5 41. Rxb5 Rxf4 42. Rb7+ Ke6 43. Rxh7 Rf3 44. Rg7 Rg3 45. Rg8 Kf7 46. Rd8 Ke7 47. Rg8 Ke6 48. Rg7 Rg1 49. Ra7 Rd1+ 50. Ke3 Re1+ 51. Kf4 g5+ 52. Kf3 g4+ 53. Kf4 g3 54. Kxg3 Rxe4 55. Kf3 d5 56. Ra8 Ke5 57. Ra7 Rh4 58. Ke2 Ke4 59. Rxa4+ d4 60. Rb4 Rh2+ 61. Kf1 Ke3 62. Rb8 Rh1+ 63. Kg2 Ra1 64. Re8+ Kd2 65. Kf3 d3 66. Rh8 Rf1+ 67. Ke4 Kc2 68. Rc8+ Kd2 69. a4 Re1+ 70. Kf3 Kd1 71. Rd8 d2 72. a5 Re6 73. Kf2 Ra6 74. Rd5 Kc2 75. Rc5+ Kd3 76. Rd5+ Kc3 77. Ke2 Re6+ 78. Kf2 Re1 79. a6 d1=Q 80. Rxd1 Rxd1 81. a7 Ra1 82. a8=Q Rxa8 0-1


[Site "https://www.chess.com"]

[Event "Titled Tuesday Blitz February 15 Late 2022"]
[White "Svane, Frederik"]
[Black "Bon, Michael"]
[WhiteFideId "12923044"]
[BlackFideId "620696"]
[WhiteElo "2459"]
[BlackElo "2441"]
[Result "1-0"]
[Round "01"]
[TimeControl "180+1"]
[Date "2022.02.16"]
[WhiteClock "0:00:15"]
[BlackClock "0:00:02"]

1. e4 c5 2. Nf3 d6 3. Bb5+ Nd7 4. d4 cxd4 5. Qxd4 a6 6. Bxd7+ Bxd7 7. Nc3 e5 8. Qd3 h6 9. Nd2 Nf6 10. Nc4 Be6 11. O-O Be7 12. Rd1 Qc7 13. Nxd6+ Bxd6 14. Qxd6 Qxd6 15. Rxd6 Ke7 16. Rd1 b5 17. Be3 Rac8 18. a3 Rxc3 19. bxc3 Nxe4 20. Re1 Rc8 21. Bxh6 Nxc3 22. Bxg7 f6 23. Bh6 Nd5 24. Rec1 Rc4 25. Bd2 Bf5 26. c3 Ke6 27. f3 Bd3 28. Kf2 f5 29. Ra2 f4 30. h4 Kf5 31. h5 Kg5 32. Rh1 Nxc3 33. h6 Nxa2 34. h7 Bxh7 35. Rxh7 Ra4 36. g4 Rxa3 37. Rh5+ Kf6 38. Rh6+ Kf7 39. Rh5 Ke6 40. Rh6+ Kd5 41. g5 Rd3 42. Ke2 Rd4 43. Rxa6 Nb4 44. Rb6 Kc5 45. Re6 Nc6 46. Bc3 Rd5 47. g6 b4 48. g7 bxc3 49. g8=Q c2 50. Rxc6+ Kxc6 51. Qc8+ Kd6 52. Qxc2 Rd4 53. Qg6+ Kd5 54. Qf7+ Kd6 55. Qe8 Kd5 56. Qd7+ Kc5 57. Qe6 Rd5 58. Kf2 Kd4 59. Qb6+ Kc4 60. Qb2 Rd4 61. Qe2+ Kd5 62. Qb5+ Kd6 63. Qb6+ Kd5 64. Qb7+ Kd6 65. Kg2 Kc5 66. Kh3 1-0


[Site "https://www.chess.com"]

[Event "Titled Tuesday Blitz February 15 Late 2022"]
[White "Svane, Rasmus"]
[Black "Papayan, Oleg"]
[WhiteFideId "4657101"]
[BlackFideId "4193911"]
[WhiteElo "2645"]
[BlackElo "2038"]
[Result "1-0"]
[Round "01"]
[TimeControl "180+1"]
[Date "2022.02.15"]
[WhiteClock "0:01:11"]
[BlackClock "0:00:01"]

1. Nf3 Nf6 2. g3 d5 3. Bg2 Nc6 4. d4 Bf5 5. O-O e6 6. c4 Be7 7. Nc3 O-O 8. b3 Ne4 9. Bb2 Nxc3 10. Bxc3 Be4 11. e3 Bb4 12. Qd2 Qe7 13. a3 Bxc3 14. Qxc3 Qf6 15. Nd2 Bxg2 16. Kxg2 Rad8 17. Nf3 Rfe8 18. Rfd1 h6 19. b4 Ne7 20. a4 c6 21. Rab1 a6 22. Qb3 Ng6 23. b5 axb5 24. cxb5 e5 25. bxc6 bxc6 26. a5 e4 27. Nd2 Ra8 28. Ra1 Ra6 29. Qc3 h5 30. h4 Qf5 31. Rdb1 Qg4 32. Kf1 Qh3+ 33. Ke2 Re6 34. Rb6 Qg4+ 35. Ke1 Ra8 36. a6 Qh3 37. a7 Qh1+ 38. Ke2 1-0


[Site "https://www.chess.com"]

[Event "Titled Tuesday Blitz February 15 Late 2022"]
[White "Sviridov, Valery"]
[Black "Koziorowicz, Michal"]
[WhiteFideId "4120680"]
[BlackFideId "21809194"]
[WhiteElo "2454"]
[BlackElo "2166"]
[Result "1-0"]
[Round "01"]
[TimeControl "180+1"]
[Date "2022.02.15"]
[WhiteClock "0:02:22"]
[BlackClock "0:00:57"]

1. Nf3 Nf6 2. d4 g6 3. g3 Bg7 4. Bg2 O-O 5. O-O d5 6. c4 c6 7. cxd5 cxd5 8. Nc3 Ne4 9. Ng5 Nxc3 10. bxc3 Nc6 11. e4 dxe4 12. Re1 Bf5 13. h4 Rc8 14. h5 Na5 15. Nxe4 Nc4 16. h6 Bh8 17. Bg5 Re8 18. Qb3 Qb6 19. Nc5 Rxc5 20. dxc5 Qxc5 21. Qxb7 Bxc3 22. Rxe7 Rf8 23. Rc1 Bd2 24. Bxd2 Bc8 25. Qc7 Qxc7 26. Rxc7 Nxd2 27. Rxc8 1-0


[Site "https://www.chess.com"]

[Event "Titled Tuesday Blitz February 15 Late 2022"]
[White "Tang, Andrew"]
[Black "Przybylski, Wojciech"]
[WhiteFideId "2059630"]
[BlackFideId "1117599"]
[WhiteElo "2584"]
[BlackElo "2133"]
[Result "1-0"]
[Round "01"]
[TimeControl "180+1"]
[Date "2022.02.15"]
[WhiteClock "0:00:07"]
[BlackClock "0:00:01"]

1. d4 Nf6 2. c4 e6 3. Nc3 Bb4 4. Qc2 d5 5. cxd5 Qxd5 6. Nf3 Qf5 7. Qb3 Nc6 8. Bd2 O-O 9. h3 h6 10. g4 Qg6 11. Bg2 Bd6 12. O-O Ne4 13. Nxe4 Qxe4 14. e3 Qg6 15. Rfe1 h5 16. g5 h4 17. e4 e5 18. dxe5 Nxe5 19. Nxh4 Qh7 20. Nf3 Bxh3 21. Nxe5 Bxg2 22. Kxg2 Bxe5 23. f4 Bd6 24. Qf3 f5 25. e5 Be7 26. Qxb7 Rad8 27. Bc3 Rd3 28. Rh1 Qg6 29. Rad1 Rxd1 30. Rxd1 Qe6 31. Qxc7 g6 32. Qd7 Qxd7 33. Rxd7 Rf7 34. e6 Rh7 35. Rxa7 Bd6 36. Ra8+ Bf8 37. Bb4 1-0


[Site "https://www.chess.com"]

[Event "Titled Tuesday Blitz February 15 Late 2022"]
[White "Terletsky, Oleg"]
[Black "Matinian, Nikita"]
[WhiteFideId "14116774"]
[BlackFideId "24129100"]
[WhiteElo "2050"]
[BlackElo "2422"]
[Result "0-1"]
[Round "01"]
[TimeControl "180+1"]
[Date "2022.02.16"]
[WhiteClock "0:00:07"]
[BlackClock "0:01:56"]

1. e4 c5 2. Nf3 e6 3. d4 cxd4 4. Nxd4 Nc6 5. Nb5 Nf6 6. N1c3 d6 7. Bf4 e5 8. Bg5 a6 9. Na3 b5 10. Nd5 Be7 11. Bxf6 Bxf6 12. c3 Ne7 13. Nxf6+ gxf6 14. Nc2 Bb7 15. Bd3 d5 16. exd5 Nxd5 17. Be4 f5 18. Bxf5 Qg5 19. Qg4 Qxg4 20. Bxg4 Nf4 21. Ne3 Nxg2+ 22. Nxg2 Bxg2 23. Rg1 Bd5 24. a3 Ke7 25. O-O-O Rad8 26. Bf5 Bb3 27. Bc2 Bxc2 28. Kxc2 Rxd1 29. Kxd1 Rd8+ 30. Kc2 Rc8 31. b3 Kf6 32. Rd1 Ke6 33. Rd3 Rg8 34. Rh3 Rg2 35. Rxh7 Rxf2+ 36. Kd3 Rf3+ 37. Kd2 f5 38. c4 bxc4 39. bxc4 Rxa3 40. Rh6+ Ke7 41. h4 e4 42. c5 f4 43. c6 Rd3+ 44. Ke2 f3+ 45. Kf1 e3 46. Kg1 Rd1+ 47. Kh2 f2 48. c7 f1=Q 0-1


[Site "https://www.chess.com"]

[Event "Titled Tuesday Blitz February 15 Late 2022"]
[White "Timofeev, Artyom"]
[Black "Kushko, Dmitriy"]
[WhiteFideId "4140419"]
[BlackFideId "14162261"]
[WhiteElo "2583"]
[BlackElo "2225"]
[Result "1-0"]
[Round "01"]
[TimeControl "180+1"]
[Date "2022.02.15"]
[WhiteClock "0:00:27"]
[BlackClock "0:00:06"]

1. d4 Nf6 2. c4 g6 3. Nc3 Bg7 4. Nf3 O-O 5. e4 d6 6. h3 e5 7. d5 a5 8. Be3 Na6 9. Be2 Nd7 10. g4 Ndc5 11. Nd2 f5 12. gxf5 gxf5 13. Rg1 Kh8 14. a3 Bd7 15. Qc2 f4 16. Bxc5 Nxc5 17. Bg4 f3 18. O-O-O Bh6 19. Kb1 a4 20. Nf1 Qh4 21. Ng3 Bxg4 22. hxg4 Nb3 23. Nf5 Qf6 24. Qd3 Bg5 25. Ka2 Nd4 26. Nb5 Nxf5 27. gxf5 Rf7 28. Qxf3 Rg8 29. Rh1 h6 30. Nc3 c6 31. dxc6 bxc6 32. Nxa4 Rb7 33. Qd3 Qf7 34. Ka1 Rd8 35. Nc3 Bf4 36. Ne2 Bg5 37. Qc3 Kg8 38. Rhg1 Kf8 39. Rg3 Rbd7 40. Rgd3 Qf6 41. Ka2 Qf7 42. Kb1 Qf6 43. f4 exf4 44. Qxf6+ Bxf6 45. Nxf4 Ke7 46. Ng6+ Kf7 47. e5 1-0


[Site "https://www.chess.com"]

[Event "Titled Tuesday Blitz February 15 Late 2022"]
[White "Tomiello, Mateus Costamilan"]
[Black "Wagner, Dennis"]
[WhiteFideId "22701958"]
[BlackFideId "24650684"]
[WhiteElo "1975"]
[BlackElo "2355"]
[Result "0-1"]
[Round "01"]
[TimeControl "180+1"]
[Date "2022.02.16"]
[WhiteClock "0:00:04"]
[BlackClock "0:01:07"]

1. e4 e5 2. Nf3 Nc6 3. Bb5 a6 4. Ba4 Nf6 5. O-O Be7 6. Re1 b5 7. Bb3 O-O 8. h3 Bb7 9. c3 d5 10. exd5 Nxd5 11. d3 Qd7 12. a4 f6 13. Nbd2 Na5 14. Ba2 c5 15. d4 exd4 16. cxd4 c4 17. Ne4 Nb4 18. Bd2 Nac6 19. Nc5 Bxc5 20. dxc5 Nd3 21. Re2 Nxb2 22. Qc2 Nd3 23. Rd1 Kh8 24. Be3 Ncb4 25. Qb1 Bxf3 26. gxf3 Qxh3 27. Bd2 Nxa2 28. Qxa2 Qxf3 29. Be3 f5 30. Qd2 Rf6 31. Bg5 Rg6 32. Re7 Rg8 33. axb5 axb5 34. Rb1 Nf4 0-1


[Site "https://www.chess.com"]

[Event "Titled Tuesday Blitz February 15 Late 2022"]
[White "Toncheva, Nadya"]
[Black "Arabidze, Meri"]
[WhiteFideId "2924056"]
[BlackFideId "13604040"]
[WhiteElo "1920"]
[BlackElo "2329"]
[Result "1-0"]
[Round "01"]
[TimeControl "180+1"]
[Date "2022.02.16"]
[WhiteClock "0:00:07"]
[BlackClock "0:00:14"]

1. e4 c5 2. Nf3 e6 3. d4 cxd4 4. Nxd4 Nc6 5. Nc3 a6 6. Nxc6 bxc6 7. Bd3 d5 8. O-O Nf6 9. Re1 Bb7 10. f4 Be7 11. Qf3 O-O 12. Qh3 g6 13. Bd2 c5 14. b3 c4 15. e5 cxd3 16. exf6 Bxf6 17. cxd3 Rc8 18. Rac1 Bg7 19. Na4 Qd6 20. Qe3 d4 21. Qf2 Qd5 22. Rc4 Rce8 23. Bb4 e5 24. Bxf8 Rxf8 25. fxe5 Rd8 26. Nc5 Ba8 27. Nxa6 Bh6 28. Nc7 Qb7 29. Nxa8 Be3 30. Rxe3 dxe3 31. Qf6 Qxa8 32. Rc7 Rf8 33. e6 h5 34. Rxf7 Rxf7 35. Qxf7+ Kh8 36. e7 Qg8 37. e8=Q 1-0


[Site "https://www.chess.com"]

[Event "Titled Tuesday Blitz February 15 Late 2022"]
[White "Urbina Perez, Juan Antonio"]
[Black "Chigaev, Maksim"]
[WhiteFideId "2217368"]
[BlackFideId "4108116"]
[WhiteElo "2192"]
[BlackElo "2502"]
[Result "0-1"]
[Round "01"]
[TimeControl "180+1"]
[Date "2022.02.15"]
[WhiteClock "0:01:11"]
[BlackClock "0:01:55"]

1. d4 Nf6 2. Nf3 g6 3. c4 Bg7 4. Nc3 O-O 5. e4 d6 6. h3 Qe8 7. Be3 Na6 8. Be2 e5 9. d5 Nh5 10. Qd2 Nf4 11. O-O Nxe2+ 12. Qxe2 f5 13. exf5 gxf5 14. Ne1 f4 15. Bd2 Qg6 16. Kh1 Bf5 17. f3 Rae8 18. Ne4 Bxe4 19. fxe4 Nc5 20. Nf3 Qxe4 21. Qxe4 Nxe4 22. Rfe1 Ng3+ 23. Kh2 e4 24. Ng5 e3 25. Bc3 Bxc3 26. bxc3 Ne4 27. Ne6 Rf7 28. Rab1 b6 29. Rf1 Nd2 30. Rbd1 e2 0-1


[Site "https://www.chess.com"]

[Event "Titled Tuesday Blitz February 15 Late 2022"]
[White "Urbina Quiroz, Edwin"]
[Black "Tasev, Dejan"]
[WhiteFideId "6500650"]
[BlackFideId "936618"]
[WhiteElo "2130"]
[BlackElo "2253"]
[Result "1/2-1/2"]
[Round "01"]
[TimeControl "180+1"]
[Date "2022.02.16"]
[WhiteClock "0:00:10"]
[BlackClock "0:00:51"]

1. e4 c6 2. Nf3 d5 3. Nc3 Bg4 4. h3 Bxf3 5. Qxf3 e6 6. d3 Nf6 7. Bd2 Be7 8. g3 Nbd7 9. Bg2 O-O 10. O-O Rc8 11. Qd1 Qb6 12. Qc1 Rfd8 13. Kh2 dxe4 14. Nxe4 Nxe4 15. dxe4 Ne5 16. Bc3 Nc4 17. b3 Nd6 18. Qe1 Qc7 19. Be5 f6 20. Bb2 e5 21. a4 Nf7 22. h4 Rd6 23. Qe3 b6 24. Rfd1 Rcd8 25. Rxd6 Bxd6 26. Rd1 Bc5 27. Rxd8+ Qxd8 28. Qe2 Kf8 29. Bh3 Qd6 30. Kg2 a5 31. Bf5 g6 32. Bg4 Kg7 33. Bf3 Bd4 34. Bc1 Qc5 35. Bg4 Qd6 36. Qd3 Qc5 37. Qe2 Qc3 38. Be6 Nd8 39. Bc4 Qb4 40. Qd2 Qxd2 41. Bxd2 c5 42. Bd5 Nf7 43. Bxf7 Kxf7 44. Kf3 Bb2 45. Ke2 Ke6 46. Kd3 f5 47. f3 Bd4 48. Be1 Bg1 49. g4 h5 50. g5 f4 51. Kc4 Kd6 52. Kd3 Kc6 53. c4 Bh2 54. Ke2 Bg1 55. Bf2 Bh2 56. Kf1 Bg3 57. Bxg3 fxg3 58. Kg2 Kd6 59. Kxg3 Ke6 60. Kf2 Kd6 61. Ke3 Ke6 62. f4 exf4+ 63. Kxf4 Kd6 64. e5+ Kd7 65. Ke4 Ke6 66. Kf4 Ke7 67. Ke3 Kd7 68. Kd3 Ke7 69. Ke3 Kd7 70. Kf3 Ke7 71. Kf4 Kd7 72. Ke4 Ke6 73. Kf4 Ke7 74. e6 Kxe6 75. Ke4 Kd6 76. Kf4 Ke6 77. Ke4 Kd6 78. Kf4 Ke6 1/2-1/2


[Site "https://www.chess.com"]

[Event "Titled Tuesday Blitz February 15 Late 2022"]
[White "Van Foreest, Jorden"]
[Black "Atanasov, Anthony"]
[WhiteFideId "1039784"]
[BlackFideId "2623897"]
[WhiteElo "2609"]
[BlackElo "1928"]
[Result "1-0"]
[Round "01"]
[TimeControl "180+1"]
[Date "2022.02.15"]
[WhiteClock "0:02:14"]
[BlackClock "0:00:07"]

1. g3 d5 2. Bg2 Bf5 3. d3 Nf6 4. Nd2 e5 5. e4 dxe4 6. dxe4 Be6 7. Ngf3 Nbd7 8. O-O Bc5 9. Qe2 O-O 10. Nc4 Bg4 11. h3 Nh5 12. Kh2 Bxf3 13. Bxf3 Nhf6 14. c3 c6 15. a4 a5 16. Rd1 Qe7 17. Rb1 b5 18. axb5 cxb5 19. Nxa5 Bxf2 20. Nc6 Qc5 21. Nb4 h5 22. Nd3 Bxg3+ 23. Kxg3 1-0


[Site "https://www.chess.com"]

[Event "Titled Tuesday Blitz February 15 Late 2022"]
[White "Vidit, Santosh Gujrathi"]
[Black "Remolar Gallen, Jose"]
[WhiteFideId "5029465"]
[BlackFideId "2215187"]
[WhiteElo "2654"]
[BlackElo "2205"]
[Result "1-0"]
[Round "01"]
[TimeControl "180+1"]
[Date "2022.02.15"]
[WhiteClock "0:01:14"]
[BlackClock "0:00:49"]

1. Nf3 Nf6 2. g3 g6 3. Bg2 Bg7 4. d4 O-O 5. c4 d6 6. O-O Nc6 7. Nc3 a6 8. Bf4 h6 9. d5 Na5 10. b3 Rb8 11. Rc1 c5 12. dxc6 Nxc6 13. h3 Bd7 14. Qd2 g5 15. Be3 b5 16. Nd5 bxc4 17. Nxf6+ Bxf6 18. Rxc4 Qa5 19. Rfc1 Qxd2 20. Bxd2 Rfc8 21. Nxg5 hxg5 22. Bxc6 Bxh3 23. g4 Rb6 24. Be3 1-0


[Site "https://www.chess.com"]

[Event "Titled Tuesday Blitz February 15 Late 2022"]
[White "Villegas, Pierre"]
[Black "Moroni, Luca Jr"]
[WhiteFideId "654183"]
[BlackFideId "865834"]
[WhiteElo "2410"]
[BlackElo "2573"]
[Result "0-1"]
[Round "01"]
[TimeControl "180+1"]
[Date "2022.02.15"]
[WhiteClock "0:00:03"]
[BlackClock "0:00:10"]

1. d4 g6 2. c4 Bg7 3. Nc3 d6 4. e4 c5 5. Nge2 Nc6 6. Be3 Qa5 7. Qd2 cxd4 8. Nxd4 Nxd4 9. Bxd4 Bxd4 10. Qxd4 Nf6 11. Be2 O-O 12. O-O Be6 13. b3 Rfc8 14. Rac1 a6 15. a4 Nd7 16. Rb1 Qc5 17. Qd2 Ne5 18. Kh1 Nc6 19. Rbd1 Qb6 20. Qb2 Nd4 21. Nd5 Bxd5 22. Rxd4 Bc6 23. f4 Bxa4 24. Bd1 Bd7 25. f5 Rc5 26. Rf3 Rac8 27. Qf2 Be8 28. Qh4 Re5 29. Rh3 h5 30. Rd2 Qa5 31. Qe1 Rxe4 32. Qxe4 Qxd2 33. Rd3 Qg5 34. h4 Qxf5 0-1


[Site "https://www.chess.com"]

[Event "Titled Tuesday Blitz February 15 Late 2022"]
[White "Wu, Christopher"]
[Black "Medeiros Jr, Francisco De Assis"]
[WhiteFideId "2040875"]
[BlackFideId "2114267"]
[WhiteElo "2665"]
[BlackElo "1998"]
[Result "1-0"]
[Round "01"]
[TimeControl "180+1"]
[Date "2022.02.16"]
[WhiteClock "0:00:01"]
[BlackClock "0:00:01"]

1. d4 d5 2. c4 e6 3. Nf3 a6 4. g3 dxc4 5. Bg2 b5 6. Ne5 c6 7. O-O Nf6 8. a4 Bb7 9. Nc3 Qb6 10. b3 cxb3 11. Qxb3 Nbd7 12. Bf4 Be7 13. Rfd1 Rc8 14. a5 Qd8 15. Ne4 Nxe4 16. Bxe4 O-O 17. Qf3 Nxe5 18. Bxe5 Bd6 19. Qh5 f5 20. Bg2 Qe7 21. Rac1 Rfd8 22. Qf3 Rd7 23. Qb3 Rcd8 24. Bxc6 Bxc6 25. Rxc6 Bxe5 26. Rxe6 Qf7 27. e3 Bf6 28. d5 Kh8 29. Qc2 Rxd5 30. Rxd5 Rxd5 31. Rxa6 h6 32. Rc6 Qd7 33. a6 Rd1+ 34. Kg2 Qd5+ 35. Kh3 f4 36. Rc8+ Bd8 37. Qg6 Kg8 38. Qe8+ Kh7 39. exf4 1-0


[Site "https://www.chess.com"]

[Event "Titled Tuesday Blitz February 15 Late 2022"]
[White "Xiong, Jeffery"]
[Black "Vovk, Orest"]
[WhiteFideId "2047640"]
[BlackFideId "14113490"]
[WhiteElo "2727"]
[BlackElo "2203"]
[Result "1-0"]
[Round "01"]
[TimeControl "180+1"]
[Date "2022.02.15"]
[WhiteClock "0:00:09"]
[BlackClock "0:00:06"]

1. d4 e5 2. dxe5 Nc6 3. Bf4 Qe7 4. Nc3 Qb4 5. Qc1 Nge7 6. a3 Qc5 7. Nf3 Ng6 8. Be3 Qe7 9. Nd5 Qd8 10. Bg5 Nce7 11. Qd2 h6 12. Bf6 c6 13. Nxe7 Nxe7 14. Bh4 g5 15. Bg3 Nf5 16. O-O-O Nxg3 17. hxg3 Bg7 18. Qd4 d5 19. e4 Qb6 20. Qxb6 axb6 21. exd5 g4 22. Nd4 cxd5 23. Bb5+ Ke7 24. Rh5 Be6 25. a4 Rhd8 26. c3 Rac8 27. Kc2 Kf8 28. Nxe6+ fxe6 29. Rd4 Rc7 30. Rxg4 d4 31. Rf4+ Kg8 32. Rf3 Rd5 33. Rd3 dxc3 34. bxc3 Rxe5 35. Rxe5 Bxe5 36. c4 Bf6 37. Rd6 Kf7 38. Kd3 Ke7 39. Rxb6 Bg7 40. c5 Bf8 41. Bc4 Kd8 42. Rxe6 Rxc5 43. Bb5 Rd5+ 44. Ke4 Rd6 45. Re8+ Kc7 46. Rxf8 Re6+ 47. Kd5 Rd6+ 48. Ke5 Rd8 49. Rxd8 1-0


[Site "https://www.chess.com"]

[Event "Titled Tuesday Blitz February 15 Late 2022"]
[White "Yuan, Qingyu"]
[Black "Li, Hui"]
[WhiteFideId "8609772"]
[BlackFideId "15400310"]
[WhiteElo "2359"]
[BlackElo "1954"]
[Result "1-0"]
[Round "01"]
[TimeControl "180+1"]
[Date "2022.02.16"]
[WhiteClock "0:00:47"]
[BlackClock "0:00:04"]

1. Nf3 d5 2. g3 Bg4 3. Bg2 c6 4. O-O Nd7 5. h3 Bxf3 6. Bxf3 Ngf6 7. d3 e5 8. e4 dxe4 9. dxe4 Be7 10. Qe2 O-O 11. Rd1 Qc7 12. Nd2 Rfe8 13. Nc4 Bf8 14. h4 Rad8 15. Be3 Bc5 16. Bd2 Nf8 17. b4 Be7 18. c3 Ne6 19. a4 Bf8 20. a5 g6 21. Be3 c5 22. b5 Bg7 23. Qb2 Rxd1+ 24. Rxd1 b6 25. Qa2 Rd8 26. Rxd8+ Nxd8 27. axb6 axb6 28. Qa8 Nd7 29. Bg5 f6 30. Bc1 Qb7 31. Qxd8+ 1-0


[Site "https://www.chess.com"]

[Event "Titled Tuesday Blitz February 15 Late 2022"]
[White "Yurovskykh, Oleksandr"]
[Black "Yushko, Olga"]
[WhiteFideId "14134020"]
[BlackFideId "14114500"]
[WhiteElo "2292"]
[BlackElo "2028"]
[Result "1-0"]
[Round "01"]
[TimeControl "180+1"]
[Date "2022.02.16"]
[WhiteClock "0:00:13"]
[BlackClock "0:00:03"]

1. d4 e6 2. c4 f5 3. Nc3 Nf6 4. e3 d6 5. Bd3 Be7 6. Nge2 O-O 7. O-O e5 8. f3 Qe8 9. d5 a5 10. e4 f4 11. Bd2 Nbd7 12. Bc2 Qh5 13. Nc1 g5 14. h3 Nb6 15. b3 Kh8 16. Kf2 Qh4+ 17. Ke2 Nbd7 18. Nd3 Qh5 19. Be1 Qg6 20. Bf2 h5 21. a3 g4 22. hxg4 hxg4 23. Rh1+ Kg7 24. b4 axb4 25. axb4 Rxa1 26. Qxa1 Nb6 27. Bb3 Nh5 28. c5 Nd7 29. Rxh5 Qxh5 30. Nb5 dxc5 31. bxc5 Bd8 32. c6 bxc6 33. dxc6 Nf6 34. Qxe5 Qxe5 35. Nxe5 g3 36. Bc5 Re8 37. Nd3 Nxe4 38. fxe4 Rxe4+ 39. Kf3 Re8 40. Nxf4 Bg5 41. Bd4+ Kh7 42. Bc2+ Kh6 43. Kxg3 Rg8 44. Kf3 Ba6 45. Nxc7 Bc4 46. Nce6 1-0


[Site "https://www.chess.com"]

[Event "Titled Tuesday Blitz February 15 Late 2022"]
[White "Zhigalko, Sergei"]
[Black "Yedidia, Daniel"]
[WhiteFideId "13502956"]
[BlackFideId "30905907"]
[WhiteElo "2662"]
[BlackElo "2489"]
[Result "1-0"]
[Round "01"]
[TimeControl "180+1"]
[Date "2022.02.15"]
[WhiteClock "0:01:00"]
[BlackClock "0:00:02"]

1. e4 e5 2. Nf3 Nc6 3. Bc4 Nf6 4. d3 Be7 5. O-O O-O 6. Nbd2 d6 7. c3 Na5 8. Bb5 a6 9. Ba4 b5 10. Bc2 c5 11. Re1 Nc6 12. Nf1 Qc7 13. h3 Bd7 14. Ng3 Rfe8 15. Bb3 Na5 16. Bc2 Nc6 17. a4 b4 18. Bb3 Na5 19. Ba2 Rab8 20. cxb4 cxb4 21. Bd2 Qb7 22. Rc1 Rec8 23. Rxc8+ Rxc8 24. d4 b3 25. Bb1 Nc4 26. Bc3 Bxa4 27. dxe5 dxe5 28. Nxe5 Rd8 29. Qf3 Nd2 30. Qe3 Nxb1 31. Rxb1 Qc7 32. Nf5 Bc5 33. Qg5 Bf8 34. Nh6+ 1-0


[Site "https://www.chess.com"]

[Event "Titled Tuesday Blitz February 15 Late 2022"]
[White "Abdrlauf, Elham"]
[Black "Kim, Sergey"]
[WhiteFideId "1533533"]
[BlackFideId "13700570"]
[WhiteElo "2334"]
[BlackElo "2606"]
[Result "1-0"]
[Round "02"]
[TimeControl "180+1"]
[Date "2022.02.15"]
[WhiteClock "0:00:16"]
[BlackClock "0:01:03"]

1. e4 e5 2. Nc3 Nf6 3. d4 exd4 4. Qxd4 Nc6 5. Qd3 Bb4 6. Ne2 O-O 7. Bg5 h6 8. Bh4 Ne5 9. Qd4 Bxc3+ 10. Nxc3 d6 11. O-O-O Re8 12. f4 Ng6 13. Bxf6 Qxf6 14. Qxf6 gxf6 15. Nd5 Kg7 16. Nxc7 Bg4 17. Nxe8+ Rxe8 18. Rxd6 Nxf4 19. Bd3 Be6 20. g3 Ng6 21. Re1 Ne5 22. Be2 Rc8 23. Kd2 a6 24. b3 Kf8 25. a4 Ke7 26. Rb6 Rc7 27. Rd1 Nd7 28. Rb4 Ne5 29. Kc1 Nc6 30. Rb6 Ne5 31. Kb2 Nd7 32. Rb4 Ne5 33. Rbd4 Nc6 34. R4d2 Ne5 35. h4 Rc8 36. Rg1 Rg8 37. a5 Rc8 38. c3 Rc5 39. b4 Rc8 40. Rdd1 Rg8 41. c4 Bxc4 42. Bxc4 Nxc4+ 43. Kb3 Ne5 44. Rc1 Nc6 45. g4 Rd8 46. Rgd1 Rg8 47. Rg1 Rd8 48. Rcd1 Rg8 49. Rd5 Ke6 50. Ka4 Ke7 51. b5 axb5+ 52. Kxb5 Ra8 53. Kb6 Ra7 54. Rc5 Ra6+ 55. Kxb7 Rxa5 56. Kxc6 Ra6+ 57. Kd5 1-0


[Site "https://www.chess.com"]

[Event "Titled Tuesday Blitz February 15 Late 2022"]
[White "Abdyzhapar, Asylbek"]
[Black "Holt, Conrad"]
[WhiteFideId "13800337"]
[BlackFideId "2034387"]
[WhiteElo "2331"]
[BlackElo "2586"]
[Result "0-1"]
[Round "02"]
[TimeControl "180+1"]
[Date "2022.02.16"]
[WhiteClock "0:00:44"]
[BlackClock "0:00:11"]

1. c4 c6 2. g3 d5 3. Bg2 e5 4. Nf3 e4 5. Nd4 dxc4 6. Nc2 Nf6 7. Nc3 Bc5 8. Ne3 O-O 9. O-O Qd4 10. Qc2 Re8 11. Na4 Bf8 12. Rb1 Na6 13. a3 b5 14. Nc3 Nc5 15. Kh1 a5 16. f3 exf3 17. Rxf3 b4 18. axb4 axb4 19. Rf4 b3 20. Qd1 Nfe4 21. Nxe4 Nxe4 22. d3 Nf2+ 23. Rxf2 Rxe3 24. Bxe3 Qxe3 25. Rf3 Qb6 26. dxc4 Rb8 27. Ra1 Be6 28. Qd3 g6 29. h3 Qb4 30. Rf4 c5 31. Bd5 Rd8 32. Qf3 Bxd5 33. cxd5 Qb7 34. Rf1 Rd7 35. e4 Bg7 36. Qe2 Be5 37. R4f3 Qb4 38. Kg2 c4 39. Rc1 Rc7 40. h4 h5 41. Rd1 c3 42. bxc3 Rxc3 43. Rxc3 Qxc3 44. d6 Qxg3+ 45. Kf1 Bxd6 46. Qf2 Qh3+ 47. Qg2 Qe6 48. Rd5 Be5 49. Qf2 b2 50. Rb5 Qc4+ 51. Qe2 Qc1+ 52. Qe1 Qf4+ 53. Kg2 Qg4+ 54. Kf1 Qf3+ 55. Qf2 Qd3+ 56. Qe2 b1=Q+ 57. Rxb1 Qxb1+ 58. Kg2 Qb7 59. Kf3 Qe7 60. Qf2 Qf6+ 61. Kg2 Qxf2+ 62. Kxf2 Kg7 0-1


[Site "https://www.chess.com"]